 Dungeon Crawl Stone Soup version 0.28-a0-381-g937acc2988 (webtiles) character file.

Game seed: 1999234325762614871

7730 robertstho the Thaumaturge (level 11, -11/76 HPs)
             Began as a Djinni Fire Elementalist on Sept 1, 2021.
             Was an Initiate of Gozag.
             Killed from afar by a gargoyle (20 damage)
             ... with a stone arrow
             ... on level 9 of the Dungeon.
             The game lasted 00:18:05 (12733 turns).

robertstho the Thaumaturge (DjFE)                  Turns: 12733, Time: 00:18:06

Health: -11/76     AC: 10    Str:  7    XL:     11   Next: 42%
Gold:   573        EV: 14    Int: 20    God:    Gozag SH:  0 Dex: 20

rFire   + + .      SeeInvis .   d - +5 battleaxe (pain)
rCold   x . .      Faith    .   (shield currently unavailable)
rNeg    . . .      Spirit   .   y - +2 robe {Will+}
rPois   ∞          Reflect  .   r - +0 helmet
rElec   .          Harm     .   s - +0 cloak
rCorr   .          Rampage  .   (no gloves)
Will    ++...                   (boots unavailable)
Stlth   +++.......              (no amulet)
HPRegen 0.22/turn               C - +4 ring of protection
MPRegen 0.00/turn               P - +6 ring of dexterity

@: flying
A: sickness immunity, fire resistance 2, cold vulnerability 1, float, innate
caster, hp casting, extra vitality 1
a: Renounce Religion, Potion Petition, Call Merchant, Bribe Branch


You were on level 9 of the Dungeon.
You worshipped Gozag.
Gozag was pleased with you.
You visited 2 branches of the dungeon, and saw 10 of its levels.
You also visited: Ossuary.

You collected 1295 gold pieces.
You spent 419 gold pieces at shops.
You paid 303 gold pieces to Gozag.

Inventory:

Hand Weapons
 d - a +5 battleaxe of pain (weapon)
 v - a +2 rapier of flaming
 B - a +1 rapier of freezing
Missiles
 K - 2 throwing nets
Armour
 r - a +0 helmet (worn)
 s - a +0 cloak (worn)
 y - a +2 robe of willpower (worn)
Jewellery
 C - a +4 ring of protection (left hand)
 P - a +6 ring of dexterity (right hand)
Wands
 i - a wand of paralysis (28)
 j - a wand of acid (15)
 o - a wand of polymorph (6)
 x - a wand of mindburst (14)
 L - a wand of flame (20)
Scrolls
 a - a scroll of vulnerability {unknown}
 c - a scroll of teleportation
 f - 2 scrolls of noise {unknown}
 h - 2 scrolls of enchant armour {unknown}
 n - 2 scrolls of magic mapping
 t - 2 scrolls of fog {unknown}
 w - a scroll of blinking
 A - a scroll of immolation
 D - 2 scrolls of torment
 F - 2 scrolls of enchant weapon
Potions
 b - a potion of berserk rage {unknown}
 e - 3 potions of cancellation
 g - 3 potions of haste {unknown}
 k - 3 potions of flight {unknown}
 l - 2 potions of magic {unknown}
 m - 3 potions of invisibility {unknown}
 p - a potion of resistance {unknown}
 q - 3 potions of curing
 u - 3 potions of heal wounds {unknown}
 z - 5 potions of lignification {unknown}
 E - 2 potions of mutation {unknown}
 G - 3 potions of brilliance {unknown}
 H - 2 potions of attraction
 I - a potion of degeneration {unknown}
 J - a potion of experience {unknown}
 N - a potion of might {unknown}


   Skills:
 * Level 5.9 Fighting
 + Level 0.2 Axes
 + Level 3.8 Dodging
 + Level 3.6 Stealth
 * Level 11.7 Spellcasting


You had 4 spell levels left.
You knew the following spells:

 Your Spells              Type           Power      Damage    Failure   Level
a - Foxfire               Conj/Fire      100%       2x1d9     1%          1
b - Conjure Flame         Conj/Fire      56%        6-21      1%          3
c - Inner Flame           Hex/Fire       56%        N/A       1%          3
d - Sticky Flame          Conj/Fire      56%        2d7       1%          4
e - Fireball              Conj/Fire      28%        3d12      1%          5
f - Apportation           Tloc           100%       N/A       1%          1
g - Ensorcelled Hibernat  Hex/Ice        100%       N/A       1%          2
h - Call Imp              Summ           56%        N/A       1%          2
i - Animate Armour        Summ/Erth      100%       N/A       1%          4
j - Airstrike             Air            28%        N/A       1%          4
Your spell library was empty.

Dungeon Overview and Level Annotations

Branches:
Dungeon (9/15)             Temple (1/1) D:6         Ossuary (visited)
   Lair: D:8-11         Orc: D:9-12

Altars:
Ashenzari
Dithmenos
Fedhas
Gozag
Hepliaklqana
Kikubaaqudgha
Makhleb
Okawaru
Qazlal
Ru
Sif Muna
Yredelemnul
The Shining One

Shops:
D:3 *

Annotations:
D:3 Shop


Innate Abilities, Weirdness & Mutations

You are immune to sickness and miasma.
You are immune to poison.
Your flesh is very heat resistant. (rF++)
You are vulnerable to cold. (rC-)
You float through the air rather than walking.
You learn spells naturally, not from books.
Your magical power is your life essence.
You have superior vitality. (+4 HP)


Message History

Confirm with . or Enter, or press ? or * to list all spells.
Aiming: Fireball (dangerous; 1% risk of failure)
Press: ? - help, Shift-Dir - straight line The fireball explodes!
The fireball engulfs the gargoyle!
The gargoyle is moderately damaged.
The gargoyle is engulfed in a cloud of scalding steam.
Unknown command.
Unknown command.
Casting: Fireball (dangerous; 1% risk of failure)
Confirm with . or Enter, or press ? or * to list all spells.
Aiming: Fireball (dangerous; 1% risk of failure)
Press: ? - help, Shift-Dir - straight line The fireball explodes!
The fireball engulfs the gargoyle but does no damage.
The gargoyle is heavily damaged.
Unknown command.
Unknown command.
Casting: Fireball (dangerous; 1% risk of failure)
Confirm with . or Enter, or press ? or * to list all spells.
Aiming: Fireball (dangerous; 1% risk of failure)
Press: ? - help, Shift-Dir - straight line The fireball explodes!
The fireball engulfs the gargoyle but does no damage.
The gargoyle is heavily damaged.
* * * LOW HITPOINT WARNING * * *
The gargoyle hurls a stone arrow at you.
The stone arrow hits you!
* * * LOW HITPOINT WARNING * * *
Unknown command.
Casting: Fireball (dangerous; 1% risk of failure)
Confirm with . or Enter, or press ? or * to list all spells.
Aiming: Fireball (dangerous; 1% risk of failure)
Press: ? - help, Shift-Dir - straight line The fireball explodes!
The fireball engulfs the gargoyle!
The gargoyle is almost destroyed.
* * * LOW HITPOINT WARNING * * *
The gargoyle hurls a stone arrow at you.
The stone arrow hits you!!
You die...
Your body crumbles into a pile of gold.

#.# #.....##.### #.#
#........... #.#
###.#.##.#.. #.#
#......#.. #.#
###....... #.# ##
........ #.# .. ≈.≈≈≈...
######.##.##.§§##.##≈≈..
........@$$9$§≈#
...##≈..
#.#$.####.>#..≈# ....
..# . ... ..# $ .. ... .
.### .# ##


You could see a gargoyle.

Vanquished Creatures
  Harold (D:7)
  A two-headed ogre (D:8)
  2 wizards (D:9)
  Pikel (D:5)
  A kobold demonologist (D:9)
  A troll (D:6)
  Sigmund (D:2)
  6 yaks (D:7)
  Eustachio (D:5)
  A steam dragon (D:8)
  Menkaure (D:7)
  Duvessa (D:5)
  3 orc warriors (D:7)
  2 black bears
  A hornet zombie (D:6)
  An ice beast (D:6)
  A sky beast (D:8)
  An ogre (D:6)
  4 centaurs
  A lemure (D:5)
  2 kobold brigands
  2 bullfrogs (D:8)
  2 scorpions
  Dowan (D:5)
  5 wights (D:8)
  A howler monkey (D:5)
  4 centaur zombies
  A jelly (D:5)
  A hound (D:4)
  A bullfrog skeleton (D:5)
  5 orc priests
  A gnoll shaman (D:8)
  3 centaur skeletons
  Ijyb (D:4)
  5 iguanas (D:6)
  Natasha (D:4)
  3 orc wizards
  3 hell rats (D:8)
  A killer bee zombie (D:6)
  8 mummies (Ossuary)
  Robin (D:3)
  3 gnolls (D:8)
  5 adders
  7 river rats (D:8)
  2 white imps
  An adder skeleton (D:4)
  2 worms
  2 dart slugs
  21 orcs
  8 bats
  2 endoplasms
  3 giant cockroaches (D:1)
  13 goblins
  9 hobgoblins
  5 jackals
  8 kobolds
  12 quokkas
  7 ball pythons
  2 frilled lizards
  A gnoll zombie (Ossuary)
  2 hobgoblin zombies (Ossuary)
  2 kobold zombies (Ossuary)
  3 orc zombies (Ossuary)
  25 rats
229 creatures vanquished.

Vanquished Creatures (collateral kills)
  3 foxfires (D:1)
3 creatures vanquished.

Vanquished Creatures (others)
  605 foxfires
605 creatures vanquished.

Grand Total: 837 creatures vanquished

Notes
Turn   | Place    | Note
-------+----------+-------------------------------------------
     0 | D:1      | robertstho the Djinni Fire Elementalist began the quest for
                  | the Orb.
     0 | D:1      | Reached XP level 1. HP: 15/15 MP: 0/0
   287 | D:1      | Reached XP level 2. HP: 17/21 MP: 0/0
   603 | D:1      | Reached XP level 3. HP: 14/26 MP: 0/0
   603 | D:1      | Learned a level 1 spell: Apportation
   774 | D:1      | Reached skill level 3 in Spellcasting
  1166 | D:1      | Found a faded altar of an unknown god.
  2142 | D:2      | Noticed Sigmund
  2150 | D:2      | Killed Sigmund
  2151 | D:2      | Reached skill level 1 in Fighting
  2151 | D:2      | Reached skill level 4 in Spellcasting
  2151 | D:2      | Reached XP level 4. HP: 24/32 MP: 0/0
  2151 | D:2      | Reached XP level 5. HP: 28/37 MP: 0/0
  2151 | D:2      | Learned a level 2 spell: Ensorcelled Hibernation
  2151 | D:2      | Reached XP level 6. HP: 32/42 MP: 0/0
  3111 | D:3      | Noticed Robin
  3116 | D:3      | Killed Robin
  3686 | D:3      | Found Xait Uto's Assorted Antiques.
  3969 | D:4      | Reached skill level 5 in Spellcasting
  4459 | D:4      | Reached XP level 7. HP: 44/48 MP: 0/0
  4459 | D:4      | Learned a level 2 spell: Call Imp
  4487 | D:4      | Found a burning altar of Makhleb.
  4612 | D:4      | Noticed Ijyb
  4619 | D:4      | Paralysed by Ijyb for 2 turns
  4621 | D:4      | Killed Ijyb
  4924 | D:4      | Noticed Natasha
  4933 | D:4      | Killed Natasha
  5309 | D:5      | Entered Level 5 of the Dungeon
  5319 | D:5      | Noticed Eustachio
  5325 | D:5      | Killed Eustachio
  5366 | D:5      | Reached skill level 6 in Spellcasting
  5366 | D:5      | Reached XP level 8. HP: 52/55 MP: 0/0
  5942 | D:5      | Noticed Pikel
  5955 | D:5      | Killed Pikel
  5956 | D:5      | Reached skill level 7 in Spellcasting
  5956 | D:5      | Reached XP level 9. HP: 46/61 MP: 0/0
  5956 | D:5      | Learned a level 4 spell: Animate Armour
  6170 | D:5      | Noticed Dowan
  6173 | D:5      | Noticed Duvessa
  6175 | D:5      | Killed Dowan
  6182 | D:5      | Killed Duvessa
  6851 | D:6      | Reached skill level 8 in Spellcasting
  7377 | D:6      | Noticed a troll
  7383 | D:6      | Killed a troll
  7766 | D:6      | Found a staircase to the Ecumenical Temple.
  7779 | Temple   | Entered the Ecumenical Temple
  7921 | Temple   | Became a worshipper of Gozag Ym Sagoz the Greedy
  7985 | D:6      | Reached skill level 9 in Spellcasting
  8181 | D:3      | Bought a scroll labelled XASIUR TOUTH for 24 gold pieces
  8181 | D:3      | Bought 2 glowing golden potions for 43 gold pieces
  8181 | D:3      | Bought a scroll labelled ROIJU NIJAE for 24 gold pieces
  8181 | D:3      | Bought 2 smoky green potions for 43 gold pieces
  8181 | D:3      | Bought a sapphire potion for 21 gold pieces
  8181 | D:3      | Bought a scroll labelled QUOPLA CYRASCHU for 24 gold pieces
  8283 | D:7      | Noticed Harold
  8289 | D:7      | HP: 2/63 [Harold (4)]
  8293 | D:7      | Killed Harold
  8294 | D:7      | Reached XP level 10. HP: 23/69 MP: 0/0
  8362 | D:7      | Found a sand-covered staircase.
  8385 | Ossuary  | Entered an ossuary
  8717 | Ossuary  | Reached skill level 5 in Fighting
  9264 | D:7      | Noticed Menkaure
  9267 | D:7      | Killed Menkaure
  9268 | D:7      | Reached skill level 10 in Spellcasting
 10524 | D:8      | Noticed a two-headed ogre
 10827 | D:8      | Reached XP level 11. HP: 50/76 MP: 0/0
 10827 | D:8      | Learned a level 4 spell: Airstrike
 10834 | D:8      | Killed a two-headed ogre
 10835 | D:8      | Reached skill level 11 in Spellcasting
 12464 | D:3      | Bought a notched opal ring for 120 gold pieces
 12464 | D:3      | Bought an encrusted emerald ring for 120 gold pieces
 12684 | D:9      | Noticed a wizard
 12685 | D:9      | Noticed a wizard
 12687 | D:9      | Killed a wizard
 12688 | D:9      | Killed a wizard
 12733 | D:9      | Killed from afar by a gargoyle

Illustrated notes

Levels and vault maps discovered:
D:1:      nzn_arrival_settlement, layout_basic,
          shapermc_ecumenical_altar_ellora, serial_bayou_ford_a
D:2:      layout_loops_ring, uniq_sigmund
D:3:      layout_basic, serial_shops, nicolae_shop_window_shopping,
          st_stairs_13, uniq_robin
D:4:      layout_cave_pods, makhleb_heckhound_becter, uniq_natasha, uniq_ijyb
D:5:      layout_basic, minmay_checkerbox, uniq_pikel, uniq_duvessa,
          uniq_eustachio
D:6:      layout_rooms, minmay_temple_entry_stoned_glass
D:7:      layout_cave_pools, nicolae_ossuary_entry_false_entrances, uniq_harold,
          uniq_menkaure
D:8:      lemuel_ratsnest, layout_rooms, minmay_strange_pillars,
          amcnicky_mini_rare_corridor_liquid
D:9:      cheibrodos_wizards_tower, layout_loops_cross,
          chequers_temple_overflow_minitemple, zombieorc2_lemuel
Temple:   eino_temple_rhombus

Skill      XL: |  1  2  3  4  5  6  7  8  9 10 11 |
---------------+----------------------------------+-----
Spellcasting   | 4 5 6 7 9 10 11 | 11.7
Fighting       | 1 2 3 4 5 |  5.9
Stealth        | 2 3 |  3.6
Dodging        | 3 |  3.8
Axes           | |  0.2

Action                   |  1- 3 |  4- 6 |  7- 9 | 10-12 || total
-------------------------+-------+-------+-------+-------++-------
Melee: Rapier            |       |       |     1 |       ||     1
       Battleaxe         |       |       |       |     2 ||     2
 Cast: Foxfire           |    93 |   137 |   124 |    12 ||   366
       Sticky Flame      |       |     1 |    17 |    10 ||    28
       Fireball          |       |       |    23 |    98 ||   121
Invok: Potion Petition   |       |       |       |     1 ||     1
  Use: Scroll            |       |       |     5 |     5 ||    10
       Potion            |       |       |     4 |     3 ||     7
Armor: Robe              |       |       |    24 |     6 ||    30
Dodge: Dodged            |     1 |     2 |    38 |    16 ||    57

Table legend: (Time is in decaauts)
 A = Elapsed time spent in this place.
 B = Non-inter-level travel time spent in this place.
 C = Inter-level travel time spent in this place.
 D = Time resting spent in this place.
 E = Time spent auto-exploring this place.
 F = Levels seen in this place.
 G = Mean time per level.
                   A        B        C        D        E       F      G
               +--------+--------+--------+--------+--------+-----+--------+
         Total |  12746 |  11745 |   1001 |   1990 |   8487 |  11 | 1158.7 |
       Dungeon |  11832 |  10848 |    984 |   1701 |   7955 |   9 | 1314.7 |
        Temple |    158 |    142 |     16 |      0 |    131 |   1 |  158.0 |
       Ossuary |    755 |    755 |      0 |    289 |    401 |   1 |  755.0 |
               +--------+--------+--------+--------+--------+-----+--------+

Top non-repeatable levels by time:
     D:7: 2281 daAuts
     D:1: 2121 daAuts
     D:5: 1749 daAuts
     D:4: 1308 daAuts
     D:3: 1216 daAuts
     D:8: 1110 daAuts
     D:6: 1028 daAuts
     D:2: 882 daAuts
 Ossuary: 755 daAuts
  Temple: 158 daAuts
     D:9: 134 daAuts
